 Dungeon Crawl Stone Soup version 0.25.1-2-g60ff931df9 (webtiles) character file.

Game seed: 8830124682003140687

93730 Qrupt the Warrior (level 16, -10/179 HPs)
             Began as an Ogre Fire Elementalist on Oct 22, 2020.
             Was a High Priest of Vehumet.
             Mangled by a jumping spider (15 damage)
             ... on level 2 of the Spider Nest.
             The game lasted 01:44:47 (29470 turns).

Qrupt the Warrior (Ogre Fire Elementalist)         Turns: 29470, Time: 01:44:48

Health: -10/179    AC:  6    Str: 20    XL:     16   Next: 9%
Magic:  13/42      EV: 13    Int: 23    God:    Vehumet [*****.]
Gold:   585        SH:  4    Dex: 17    Spells: 7/42 levels left

rFire    + . .     SeeInvis .   F - +2 giant spiked club (vamp)
rCold    + + .     Gourm    .   (shield currently unavailable)
rNeg     . . .     Faith    .   O - +2 robe of Vines {NoPotionHeal Regen+7}
rPois    .         Spirit   .   (helmet restricted)
rElec    .         Reflect  .   b - +0 cloak of Vehumet's Supremacy {rF+ rC+} (curse)
rCorr    .         Harm     .   (gloves unavailable)
MR       +....                  (boots unavailable)
Stlth    +.........             p - amulet of regeneration
HPRegen  3.59/turn              V - ring of Finality {rC+ Int+2 Dex+6 Stlth-}
MPRegen  0.28/turn              U - ring of Fixation {MP+9 Str+4}

@: very slightly contaminated
A: large, unfitting armour, horns 1, large bone plates 1, agile 1, blurry vision
1, tough skin 1
a: Renounce Religion


You were on level 2 of the Spider Nest.
You worshipped Vehumet.
Vehumet was extremely pleased with you.
You were not hungry.

You visited 5 branches of the dungeon, and saw 24 of its levels.
You also visited: Gauntlet.

You collected 2334 gold pieces.
You spent 1749 gold pieces at shops.

Inventory:

Hand Weapons
 t - a +0 club
 F - a +2 vampiric giant spiked club (weapon)
Missiles
 q - 10 large rocks (quivered)
 A - 2 throwing nets
 N - 13 silver javelins
Armour
 b - the cursed +0 cloak of Vehumet's Supremacy (worn) {rF+ rC+}
   (You found it in a Gauntlet)

   It protects you from fire.
   It protects you from cold.
   It has a curse placed upon it.
 u - the +3 robe of Clouds {+Thunder rCloud rElec}
   (You found it on level 1 of the Spider Nest)

   It insulates you from electricity.
 O - the +2 robe of Vines (worn) {NoPotionHeal Regen+7}
   (You bought it in a shop on level 2 of the Orcish Mines)

   It increases your rate of regeneration.
Magical Staves
 P - an uncursed staff of wizardry
Jewellery
 a - an uncursed ring of flight
 p - an amulet of regeneration (around neck)
 z - an uncursed ring of resist corrosion
 B - an uncursed ring of see invisible
 Q - an uncursed ring of protection from cold
 U - the ring of Fixation (right hand) {MP+9 Str+4}
   (You bought it in a shop on level 2 of the Orcish Mines)

   [ring of magical power]

   It affects your strength (+4).
   It affects your magic capacity (+9).
 V - the ring of Finality (left hand) {rC+ Int+2 Dex+6 Stlth-}
   (You found it on level 3 of the Lair of Beasts)

   [ring of attention]

   It affects your intelligence (+2).
   It affects your dexterity (+6).
   It protects you from cold.
   It makes you less stealthy.
 Y - the amulet of Hoakkos {Inacc rC+ MR+ Str+3 Stlth-}
   (You found it in a Gauntlet)

   [amulet of inaccuracy]

   It reduces the accuracy of all your attacks.
   It affects your strength (+3).
   It protects you from cold.
   It affects your resistance to hostile enchantments.
   It makes you less stealthy.
Wands
 e - a wand of enslavement (30)
 m - a wand of flame (49)
 s - a wand of digging (23)
 C - a wand of disintegration (15)
 E - a wand of polymorph (6)
 H - a wand of paralysis (18)
 I - a wand of clouds (5)
 J - a wand of acid (8)
 S - a wand of random effects (12)
 W - a wand of iceblast (19)
Scrolls
 f - 2 scrolls of torment
 i - 2 scrolls of immolation
 j - 2 scrolls of enchant armour
 k - 4 scrolls of blinking
 l - a scroll of enchant weapon
 o - 3 scrolls of amnesia
 v - 2 scrolls of random uselessness {unknown}
 w - a scroll of vulnerability {unknown}
 y - 7 scrolls of teleportation
 M - 7 scrolls of remove curse
 T - 2 scrolls of magic mapping
 X - 3 scrolls of fog
Potions
 d - 7 potions of brilliance
 g - 8 potions of curing
 h - 3 potions of lignification
 n - 4 potions of heal wounds
 r - a potion of ambrosia
 x - 4 potions of degeneration
 D - a potion of might
 G - a potion of magic
 K - 2 potions of stabbing
 L - 4 potions of haste
 R - a potion of berserk rage
Comestibles
 c - 22 rations


   Skills:
 + Level 15.8 Fighting
 + Level 5.0 Maces & Flails
 - Level 6.0 Armour
 - Level 6.0 Dodging
 - Level 1.4 Stealth
 + Level 13.8 Spellcasting
 + Level 11.7 Conjurations
 + Level 3.8 Transmutations
 + Level 12.0 Fire Magic
 - Level 4.0 Earth Magic


You had 7 spell levels left.
You knew the following spells:

 Your Spells              Type           Power        Failure   Level  Hunger
a - Foxfire               Conj/Fire      ####         1%          1    None
b - Conjure Flame         Conj/Fire      ######..     1%          3    None
c - Sticky Flame          Conj/Fire      ######..     1%          4    None
d - Fireball              Conj/Fire      ######....   1%          5    ###....
e - Stone Arrow           Conj/Erth      ######       1%          3    None
f - Bolt of Magma         Conj/Fire/Erth ######....   1%          5    ###....
g - Irradiate             Conj/Tmut      ######....   1%          5    ###....
h - Starburst             Conj/Fire      ######....   1%          6    #####..
i - Ozocubu's Armour      Chrm/Ice       ###.....     12%         3    None

Your spell library contained the following spells:

 Spells                   Type           Power        Failure   Level  Hunger
 Beastly Appendage        Tmut           ####..       1%          1    None
 Magic Dart               Conj           ####         1%          1    None
 Sticks to Snakes         Tmut           ####....     1%          2    None
 Inner Flame              Hex/Fire       #####...     1%          3    None
 Infusion                 Chrm           ###.         3%          1    None
 Spider Form              Tmut/Pois      ###.......   5%          3    None
 Shroud of Golubria       Chrm/Tloc      ###...       6%          2    None
 Song of Slaying          Chrm           ###.....     6%          2    None
 Spectral Weapon          Hex/Chrm       ###.....     12%         3    None
 Ice Form                 Ice/Tmut       ###.....     17%         4    None
 Blade Hands              Tmut           ####......   22%         5    ###....
 Freezing Cloud           Conj/Ice/Air   ####......   28%         6    #####..
 Metabolic Englaciation   Hex/Ice        ###.......   71%         5    ###....
 Ozocubu's Refrigeration  Ice            ###.......   78%         6    #####..
 Ring of Flames           Chrm/Fire      #####.....   95%         7    ######.
 Simulacrum               Ice/Necr       ###.......   99%         6    #####..


Dungeon Overview and Level Annotations

Branches:
Dungeon (13/15)            Temple (1/1) D:4            Lair (6/6) D:9
 Shoals (0/4) Lair:3       Spider (2/4) Lair:3        Slime (0/5) Lair:5
    Orc (2/2) D:12            Elf (0/3) Orc:2       Gauntlet (visited)
 Vaults: D:13-14

Altars:
Ashenzari
Cheibriados
Dithmenos
Elyvilon
Fedhas
Gozag
Hepliaklqana
Kikubaaqudgha
Makhleb
Nemelex Xobeh
Okawaru
Qazlal
Ru
Sif Muna
Trog
Uskayaw
Vehumet
Wu Jian
Xom
Yredelemnul
Zin
The Shining One
Beogh
Lugonu

Shops:
D:7 =   D:8 =   D:10 (   Orc:1 [   Orc:2 =([(=[==

Annotations:
D:12 1 runed translucent door, Frances; SkiLLzEr0's ghost, journeyman MiFi
Lair:5 exclusion: oklob plant


Innate Abilities, Weirdness & Mutations

You are too large for most types of armour.
You have tough skin. (AC +1)
You have a pair of small horns on your head.
You are partially covered in large bone plates. (SH +4)
You are agile. (Dex +2)
Scrolls take you a little longer to read.


Message History

You kill the wolf spider!
Vehumet accepts your kill.
You feel your power returning.
* * * LOW HITPOINT WARNING * * *
You feel extremely sick.
You hear an angry hiss.
Your system rejects the healing.
You feel better. The jumping spider barely misses you.
The jumping spider bites you.
* * * LOW HITPOINT WARNING * * *
You block the jumping spider's attack. The jumping spider misses you.
Unknown command.
Casting: Fireball (mildly dangerous; 1% risk of failure)
Confirm with . or Enter, or press ? or * to list all spells.
Aiming: Bolt of Magma (mildly dangerous; 1% risk of failure)
Press: ? - help, Shift-Dir - straight line, f/p - jumping spider
Aim: a jumping spider (moderately wounded)
The bolt of magma hits the jumping spider!
The jumping spider is severely wounded.
The jumping spider pounces on you!
You die...

......... #.....
####.†## #..†.†.####
##..#.....###
###...#^#....^#
#...#.##..#).##
###..#.#..s#..<#
#....#....@#.###
########...##.#..###
...^.....#.##.....####
^........###^..†.###.###
.###..#.## ##..#...#...#
##.....## #...#...#..##
#....#..# ###..#..##<.#
##.#.#^## #...###.....#
####### ###..#.....###


You could see a jumping spider.

Vanquished Creatures
  2 orc warlords
  2 entropy weavers (Spider:1)
  A minotaur (Gauntlet)
  2 ogre magi (Orc:2)
  Fannar (Lair:2)
  6 hydras
  An ice dragon (Lair:3)
  A merfolk avatar (Lair:6)
  A catoblepas (Lair:2)
  A ghost crab (Gauntlet)
  A centaur warrior (D:12)
  13 two-headed ogres
  5 death yaks
  Sonja (Lair:2)
  A sea snake (Lair:6)
  An unseen horror (D:11)
  2 deep trolls
  2 harpies (Lair:6)
  An orc knight (Orc:2)
  2 cyclopes (Orc:2)
  3 oklob plants (Lair:3)
  11 wolf spiders
  5 orb spiders
  An orc sorcerer (Orc:2)
  3 manticores
  Maurice (D:10)
  9 elephants
  An ice statue (Lair:3)
  2 centaur zombies
  3 black mambas
  10 spiny frogs
  A torpor snail (Lair:5)
  4 centaur skeletons
  Maggie (D:7)
  7 rime drakes
  7 komodo dragons
  A demonic crawler (Spider:2)
  13 trolls
  A wind drake (Lair:6)
  A tyrant leech (Gauntlet)
  22 blink frogs
  7 polar bears
  5 hornets
  17 jumping spiders
  7 hippogriffs
  A meliai zombie (D:9)
  10 dream sheep
  11 redbacks
  A spriggan (D:10)
  3 basilisks
  3 tarantellas
  33 yaks
  6 wyverns
  A hungry ghost (D:12)
  2 steam dragons
  A soldier ant (D:12)
  4 swamp worms (Gauntlet)
  15 water moccasins
  5 porcupines
  26 orc warriors
  A black bear (D:10)
  2 phantoms (D:9)
  2 eyes of draining (D:12)
  10 ice beasts
  2 sky beasts (D:7)
  12 wolves
  24 ogres
  4 centaurs
  13 crocodiles
  A big kobold (D:9)
  14 bullfrogs
  A gnoll sergeant (D:12)
  2 wyvern skeletons
  5 killer bees
  5 wights (D:12)
  5 howler monkeys
  10 crimson imps
  2 quasits (D:10)
  9 hounds
  13 orc priests
  28 orc wizards
  A bullfrog skeleton (D:12)
  Jessica (D:2)
  Natasha (D:4)
  5 iguanas
  5 worker ants
  A killer bee zombie (D:6)
  A hound zombie (D:11)
  4 hound skeletons
  Robin (D:2)
  4 worker ant zombies
  9 gnolls
  9 adders
  2 shadow imps
  A white imp (Lair:3)
  2 adder skeletons
  5 worms
  7 leopard geckos
  95 orcs
  A ball python (D:3)
  5 bats
  2 giant cockroaches
  12 hobgoblins
  9 jackals
  2 frilled lizards
  25 goblins
  2 jackal skeletons
  10 kobolds
  2 leopard gecko skeletons
  A quokka skeleton (D:5)
  2 quokka zombies
  8 rats
  2 plants (Lair:3)
714 creatures vanquished.

Vanquished Creatures (others)
  A jumping spider (Spider:1)
  A demonic plant (Gauntlet)
  528 foxfires
  3 fungi
  17 plants
550 creatures vanquished.

Grand Total: 1264 creatures vanquished

Notes
Turn   | Place    | Note
-------+----------+-------------------------------------------
     0 | D:1      | Qrupt the Ogre Fire Elementalist began the quest for the
                  | Orb.
     0 | D:1      | Reached XP level 1. HP: 16/16 MP: 3/3
   212 | D:1      | Reached skill level 1 in Conjurations
   513 | D:1      | Reached XP level 2. HP: 24/26 MP: 1/5
   660 | D:1      | Reached skill level 1 in Fighting
  1420 | D:2      | Reached XP level 3. HP: 33/33 MP: 2/7
  1592 | D:2      | Noticed Robin
  1601 | D:2      | Killed Robin
  1619 | D:2      | Reached skill level 2 in Fighting
  1877 | D:2      | Reached XP level 4. HP: 42/42 MP: 5/8
  1881 | D:2      | Noticed Jessica
  1887 | D:2      | Killed Jessica
  2430 | D:2      | Reached XP level 5. HP: 47/50 MP: 7/10
  2457 | D:2      | Learned a level 3 spell: Conjure Flame
  2462 | D:2      | Learned a level 4 spell: Sticky Flame
  2801 | D:3      | Reached skill level 3 in Fighting
  3022 | D:3      | Reached skill level 1 in Maces & Flails
  3050 | D:3      | Reached XP level 6. HP: 14/61 MP: 0/11
  3689 | D:3      | Gained mutation: You are agile. (Dex +2) [potion of
                  | mutation]
  3689 | D:3      | Gained mutation: Scrolls take you a little longer to read.
                  | [potion of mutation]
  3689 | D:3      | Gained mutation: You have a pair of small horns on your
                  | head. [potion of mutation]
  3689 | D:3      | Gained mutation: You are partially covered in large bone
                  | plates. (SH +4) [potion of mutation]
  3863 | D:3      | Found a snail-covered altar of Cheibriados.
  3863 | D:3      | Found an ornate altar of the Wu Jian Council.
  3863 | D:3      | Found a bloodstained altar of Trog.
  4577 | D:4      | Noticed Natasha
  4588 | D:4      | Killed Natasha
  4618 | D:4      | Reached skill level 4 in Fighting
  4633 | D:4      | Found a faded altar of an unknown god.
  4635 | D:4      | Found a staircase to the Ecumenical Temple.
  4938 | Temple   | Entered the Ecumenical Temple
  4990 | Temple   | Became a worshipper of Vehumet
  5134 | D:5      | Entered Level 5 of the Dungeon
  5205 | D:5      | Reached XP level 7. HP: 70/70 MP: 8/13
  6110 | D:5      | Reached skill level 5 in Fighting
  6110 | D:5      | Reached skill level 5 in Spellcasting
  6110 | D:5      | Reached XP level 8. HP: 24/80 MP: 7/15
  6613 | D:6      | Found a shimmering blue altar of Sif Muna.
  6905 | D:7      | Found Gurachu's Jewellery Shoppe.
  6932 | D:7      | Reached skill level 5 in Fire Magic
  6939 | D:7      | Reached * piety under Vehumet
  6939 | D:7      | Offered knowledge of Freeze by Vehumet.
  6939 | D:7      | Reached skill level 6 in Fighting
  7190 | D:7      | Noticed Maggie
  7209 | D:7      | Killed Maggie
  7209 | D:7      | Reached skill level 7 in Fighting
  7209 | D:7      | Reached XP level 9. HP: 30/93 MP: 9/18
  7257 | D:7      | Reached skill level 5 in Conjurations
  7493 | D:7      | Noticed a troll
  7499 | D:7      | Killed a troll
  7720 | D:7      | Reached skill level 1 in Armour
  7844 | D:7      | Found a hazy altar of Hepliaklqana.
  7981 | D:8      | Found Ligeruj's Jewellery Shop.
  8020 | D:8      | Offered knowledge of Magic Dart by Vehumet.
  8089 | D:8      | Reached ** piety under Vehumet
  8097 | D:8      | Reached skill level 8 in Fighting
  8611 | D:8      | Found a glowing silver altar of Zin.
  8611 | D:8      | Noticed an angel
  8653 | D:8      | Reached XP level 10. HP: 104/105 MP: 21/21
  8994 | D:9      | Reached skill level 9 in Fighting
  9043 | D:9      | Offered knowledge of Stone Arrow by Vehumet.
  9231 | D:9      | Reached *** piety under Vehumet
  9371 | D:9      | Noticed a two-headed ogre
  9382 | D:9      | Killed a two-headed ogre
  9500 | D:9      | Found an iron altar of Okawaru.
  9739 | D:9      | Found a staircase to the Lair.
 10010 | D:9      | Learned a level 5 spell: Fireball
 10014 | D:9      | Learned a level 3 spell: Stone Arrow
 10032 | D:10     | Entered Level 10 of the Dungeon
 10071 | D:10     | Noticed a two-headed ogre
 10085 | D:10     | Killed a two-headed ogre
 10085 | D:10     | Reached skill level 10 in Fighting
 10085 | D:10     | Reached XP level 11. HP: 83/117 MP: 13/23
 10418 | D:10     | Offered knowledge of Frozen Ramparts by Vehumet.
 10537 | D:10     | Noticed Maurice
 10546 | D:10     | Killed Maurice
 10639 | D:10     | Found Cirolela's Antique Weapon Shop.
 11173 | D:11     | Noticed a manticore
 11181 | D:11     | Killed a manticore
 11203 | D:11     | Reached skill level 5 in Armour
 11206 | D:11     | Reached **** piety under Vehumet
 11304 | D:11     | You fall into a shaft and drop 2 floors!
 11427 | D:13     | Offered knowledge of Bolt of Magma by Vehumet.
 11487 | D:12     | Noticed a two-headed ogre
 11495 | D:12     | Killed a two-headed ogre
 11495 | D:12     | Reached skill level 11 in Fighting
 11626 | D:12     | Found a staircase to the Orcish Mines.
 11944 | D:11     | Reached XP level 12. HP: 59/130 MP: 20/25
 12178 | D:11     | Reached skill level 10 in Spellcasting
 12599 | D:12     | Learned a level 5 spell: Bolt of Magma
 13013 | D:12     | Noticed a two-headed ogre
 13023 | D:12     | Killed a two-headed ogre
 13023 | D:12     | Reached skill level 1 in Earth Magic
 13101 | D:12     | Found a runed translucent door.
 13102 | D:12     | Noticed a storm dragon
 13102 | D:12     | Noticed SkiLLzEr0's ghost (journeyman MiFi)
 13129 | D:12     | Noticed a centaur warrior
 13139 | D:12     | Killed a centaur warrior
 13290 | D:12     | Reached ***** piety under Vehumet
 13302 | D:12     | Offered knowledge of Conjure Ball Lightning by Vehumet.
 13356 | D:12     | Found a corrupted altar of Lugonu.
 13363 | D:12     | Identified Lugonu's Reference Book on Confrontation
 13391 | D:12     | Noticed a seven-headed hydra
 13396 | D:12     | Killed a seven-headed hydra
 13490 | D:12     | Noticed Frances
 13540 | Orc:1    | Entered Level 1 of the Orcish Mines
 13630 | Orc:1    | Noticed an orc warlord
 13663 | D:12     | Killed an orc warlord
 13663 | D:12     | Reached skill level 12 in Fighting
 14054 | Orc:1    | Found Kahyz's Antique Armour Boutique.
 14114 | Orc:1    | Found a roughly hewn altar of Beogh.
 14604 | Orc:2    | Entered Level 2 of the Orcish Mines
 14604 | Orc:2    | Found Qodd's Jewellery Emporium.
 14604 | Orc:2    | Found Zeicig's Jewellery Boutique.
 14604 | Orc:2    | Noticed an orc warlord
 15032 | Orc:2    | Found Rupomoc's Antique Armour Shop.
 15045 | Orc:2    | Noticed a two-headed ogre
 15069 | Orc:2    | Killed a two-headed ogre
 15234 | Orc:1    | Killed an orc warlord
 15400 | Orc:2    | Noticed a two-headed ogre
 15408 | Orc:2    | Killed a two-headed ogre
 15408 | Orc:2    | Reached XP level 13. HP: 118/141 MP: 20/28
 15893 | Orc:2    | Noticed an ogre mage
 15906 | Orc:2    | Killed an ogre mage
 16071 | Orc:2    | Paralysed by an orc sorcerer for 3 turns
 16168 | Orc:2    | Reached skill level 13 in Fighting
 16459 | Orc:2    | Reached skill level 10 in Fire Magic
 16565 | Orc:2    | Noticed an ogre mage
 16575 | Orc:2    | Killed an ogre mage
 16773 | Orc:2    | Offered knowledge of Ozocubu's Refrigeration by Vehumet.
 17754 | Orc:2    | Found Mineegast's Armour Shop.
 17758 | Orc:2    | Found Suorix's Jewellery Shoppe.
 17764 | Orc:2    | Found Avabrih's Antique Weapon Boutique.
 17765 | Orc:2    | Found Qeasurya's Weapon Shop.
 17820 | Orc:2    | Found a staircase to the Elven Halls.
 17912 | Orc:2    | Found Xinaaloi's Jewellery Shop.
 17920 | Orc:2    | Bought the ring of Fixation {MP+9 Str+4} for 389 gold
                  | pieces
 18303 | Lair:1   | Entered Level 1 of the Lair of Beasts
 18426 | Lair:1   | Reached skill level 10 in Conjurations
 19081 | Lair:1   | Reached XP level 14. HP: 154/154 MP: 30/30
 19671 | Lair:2   | Noticed Sonja
 19798 | Lair:2   | Killed Sonja
 19871 | Lair:2   | Reached skill level 14 in Fighting
 19912 | Lair:2   | Noticed Fannar
 20060 | Lair:2   | Killed Fannar
 20469 | Lair:2   | Offered knowledge of Irradiate by Vehumet.
 21244 | Lair:3   | Found a hole to the Spider Nest.
 21276 | Lair:3   | Found a gate leading to a gauntlet.
 21288 | Gauntlet | Entered a Gauntlet
 21288 | Gauntlet | Found a transporter.
 21288 | Gauntlet | Found a transporter.
 21386 | Gauntlet | Found a transporter.
 21392 | Gauntlet | Found a transporter.
 21399 | Gauntlet | Found a transporter.
 21400 | Gauntlet | Found a transporter.
 21401 | Gauntlet | Found a transporter.
 21427 | Gauntlet | Found a transporter.
 21452 | Gauntlet | Found a transporter.
 21460 | Gauntlet | Found a transporter.
 21472 | Gauntlet | Found a transporter.
 21536 | Gauntlet | Found a transporter.
 21596 | Gauntlet | Reached skill level 5 in Dodging
 21713 | Gauntlet | Got a steaming platinum amulet
 21715 | Gauntlet | Identified the amulet of Hoakkos {Inacc rC+ MR+ Str+3
                  | Stlth-} (You found it in a Gauntlet)
 21782 | Gauntlet | Got a translucent cloak
 21793 | Gauntlet | Identified the cursed +0 cloak of Vehumet's Supremacy {rF+
                  | rC+} (You found it in a Gauntlet)
 21904 | Gauntlet | Identified the Catalogue of Flamy Protection
 22095 | Lair:3   | Found a staircase to the Shoals.
 22810 | Lair:3   | Found a glowing silver altar of Zin.
 23133 | Lair:3   | Got a fine brass ring
 23135 | Lair:3   | Identified the ring of Finality {rC+ Int+2 Dex+6 Stlth-}
                  | (You found it on level 3 of the Lair of Beasts)
 23184 | Lair:3   | Found the cursed necklace of Bloodlust {*Rage +Rage MR++
                  | Int-3 Slay+6 *Curse}
 23423 | Lair:3   | Learned a level 5 spell: Irradiate
 23545 | Lair:4   | Reached XP level 15. HP: 140/165 MP: 32/32
 23692 | Lair:4   | Found an ornate altar of the Wu Jian Council.
 24486 | Lair:3   | Offered knowledge of Iron Shot by Vehumet.
 24487 | Lair:3   | Reached skill level 15 in Fighting
 24780 | Lair:5   | Found a staircase to the Slime Pits.
 25070 | Lair:5   | Reached skill level 1 in Transmutations
 25299 | Lair:5   | Found a shadowy altar of Dithmenos.
 25696 | Lair:6   | Entered Level 6 of the Lair of Beasts
 27523 | Lair:6   | Offered knowledge of Starburst by Vehumet.
 27531 | Lair:6   | Learned a level 6 spell: Starburst
 27765 | Spider:1 | Entered Level 1 of the Spider Nest
 28083 | Orc:2    | Bought the +2 robe of Vines {NoPotionHeal Regen+7} for 1360
                  | gold pieces
 28083 | Orc:2    | Found the +2 robe of Vines {NoPotionHeal Regen+7}
 28453 | Spider:1 | Found the +3 robe of Clouds {+Thunder rCloud rElec}
 28809 | Spider:1 | Learned a level 3 spell: Ozocubu's Armour
 29261 | Spider:2 | Reached XP level 16. HP: 99/178 MP: 22/33
 29455 | Spider:2 | Reached skill level 5 in Maces & Flails
 29467 | Spider:2 | HP: 6/179 [wolf spider (5)]
 29468 | Spider:2 | HP: 2/179 [poisoned by a wolf spider]
 29470 | Spider:2 | Mangled by a jumping spider

Illustrated notes

Levels and vault maps discovered:
D:1:      erik_arrival_triangle_small, layout_loops_corners
D:2:      layout_loops_ring, first_ration, minmay_crystal_water, uniq_jessica,
          uniq_robin
D:3:      cheibrodos_greedy_goblins, layout_basic,
          gammafunk_temple_overflow_claw, serial_bayou_pond_e
D:4:      layout_loops_corners, nicolae_temple_entry_ecumenical, uniq_natasha
D:5:      layout_layer_cave
D:6:      layout_rooms, lemuel_doored_altar, minivault_23, serial_park_tiny_1,
          lemuel_another_geyser
D:7:      layout_loops_ring, marbit_many_paths, serial_shops, shop, uniq_maggie
D:8:      layout_loops_ring, zin_angel, serial_shops, shop
D:9:      layout_loops_ring, okawaru_metal_pillars_1_2, lair_entry_dummy
D:10:     layout_cave_pools, serial_shops, shop, the_bakery, minivault_22,
          uniq_maurice
D:11:     layout_cave_pools
D:12:     layout_irregular_city, david_orc_2, ebering_ghost_inner_flame,
          enter_trove_1, tgw_lugonu_bribe, uniq_frances
D:13:     lemuel_upstairs_altar, layout_basic, uniq_erolcha
Temple:   eino_wide_crystal_templ
Lair:1:   layout_misc_corridors
Lair:2:   layout_regular_city, grunt_megastairs_5, uniq_fannar, uniq_sonja
Lair:3:   layout_big_grid, minmay_shoals_entry_beasts,
          nicolae_spider_entry_tight_spaces, basic_altar,
          gauntlet_entry_generic, ice2_lemuel, minmay_lair_oklob_chamber
Lair:4:   layout_hall_layers, basic_altar
Lair:5:   layout_gridlike, minmay_slime_entry_oklob_enclosed, basic_altar,
          infiniplex_staircase_pool_2, serial_bayou_shore_a
Lair:6:   gammafunk_lair_ancient_temple, layout_cave_pods, hibernation_bobbens,
          grunt_megastairs_2
Spider:1: cheibrodos_spider_silkery
Spider:2: layout_spider_delve, nicolae_spider_webbed_stairs
Orc:1:    layout_diamond_mine, serial_shops, shop_coins, mines2_david
Orc:2:    st_orc_open, layout_caves, serial_shops, nicolae_shop_crystal, shop,
          nicolae_shop_stone, shop

Skill      XL: |  1  2  3  4  5  6  7  8  9 10 11 12 13 14 15 16 |
---------------+-------------------------------------------------+-----
Conjurations   | 1 2 3 4 5 7 8 9 10 11 | 11.7
Fighting       | 1 2 3 4 5 7 8 10 11 12 13 14 15 | 15.8
Fire Magic     | 3 4 5 6 7 8 9 10 11 12 | 12.0
Spellcasting   | 3 4 5 6 7 8 9 11 12 13 | 13.8
Maces & Flails | 1 2 3 4 5 |  5.0
Armour         | 2 4 5 6 |  6.0
Earth Magic    | 3 4 |  4.0
Dodging        | 3 5 6 |  6.0
Transmutations | 3 |  3.8
Stealth        | |  1.4

Action                   |  1- 3 |  4- 6 |  7- 9 | 10-12 | 13-15 | 16-18 || total
-------------------------+-------+-------+-------+-------+-------+-------++-------
Melee: Unarmed           |    25 |     4 |       |       |       |       ||    29
       Club              |       |    95 |   172 |       |       |       ||   267
       Headbutt          |       |     5 |    56 |    87 |   129 |     2 ||   279
       Giant spiked club |       |       |   150 |   446 |   518 |    13 ||  1127
Throw: Dart              |       |    11 |       |       |       |       ||    11
       Stone             |       |     1 |       |       |       |       ||     1
 Cast: Foxfire           |    59 |   123 |    68 |    47 |    10 |       ||   307
       Conjure Flame     |       |     1 |     5 |     3 |     1 |       ||    10
       Sticky Flame      |       |       |     7 |    99 |   239 |    13 ||   358
       Fireball          |       |       |       |     8 |    33 |     1 ||    42
       Stone Arrow       |       |       |       |    17 |   119 |     2 ||   138
       Bolt of Magma     |       |       |       |     8 |    25 |     3 ||    36
       Irradiate         |       |       |       |       |     4 |     1 ||     5
       Ozocubu's Armour  |       |       |       |       |     2 |     3 ||     5
       Starburst         |       |       |       |       |     1 |       ||     1
 Abil: Evoke Flight      |       |       |       |       |     2 |       ||     2
Evoke: Wand              |       |       |       |     2 |     1 |       ||     3
  Use: Scroll            |       |     6 |     3 |     3 |    13 |       ||    25
       Potion            |       |     4 |     2 |       |     2 |     1 ||     9
 Stab: Sleeping          |       |     3 |     1 |       |       |       ||     4
       Distracted        |       |       |     1 |       |       |       ||     1
  Eat: Chunk             |     3 |     7 |    10 |    33 |    44 |     1 ||    98
       Ration            |       |     1 |     1 |       |     3 |       ||     5
Armor: Robe              |     9 |       |       |       |    17 |    30 ||    56
       Animal skin       |       |    88 |    66 |       |       |       ||   154
       Skin              |       |     8 |       |       |       |       ||     8
       Swamp dragon scal |       |       |    93 |   313 |   320 |       ||   726
Dodge: Dodged            |    21 |   120 |   186 |   405 |   525 |    32 ||  1289
Block: Other             |       |    12 |    72 |   132 |   178 |     8 ||   402
